[Event "Team 45 45 League T25"]
[Site "Free Internet Chess Server"]
[Date "2004.12.18"]
[Round "2"]
[White "ahorse"]
[Black "tjraczko"]
[Result "0-1"]
[WhiteElo "1605"]
[BlackElo "1583"]
[TimeControl "2700+45"]

1. d4 d5 2. Nf3 Nf6 3. c4 dxc4 4. e3 e6 5. Bxc4 c5 6. Nc3 a6 7. O-O Nc6 8. Qd3 b5 9. Nxb5 axb5 10. Bxb5 Bd7 11. Rd1 Be7 12. dxc5 Bxc5 13. Qc4 Qb6 14. b4 Be7 15. Rxd7 Nxd7 16. Bxc6 Qc7 17. Qe4 Rc8 18. b5 O-O 19. a4 Nb8 20. Ne5 Bf6 21. Bb2 Nxc6 22. bxc6 Bxe5 23. Qxe5 Qxe5 24. Bxe5 Rxc6 25. g3 f6 26. Bd4 e5 27. Bb2 Ra8 28. Kg2 Kf7 29. Kf3 Rca6 30. Rc1 Rxa4 31. Rc7+ Kf8 32. h4 R4a7 33. Rc4 Kf7 34. Bc3 Ke6 35. g4 g6 36. Kg2 f5 37. g5 e4 38. Kg3 Kd5 39. Rd4+ Ke6 40. Rc4 Rd7 41. Bd4 Rad8 42. Rc6+ Rd6 43. Rc7 R6d7 44. Rc6+ Kd5 45. Rc5+ Kd6 46. Kf4 Rc7 47. Ra5 Ke6 48. Bb6 Rdc8 49. Bxc7 Rxc7 50. Ra6+ Kd5 51. Ra4 Rc2 52. Kg3 Ke6 53. Ra7 f4+ 54. exf4 Rc3+ 55. Kg4 Rf3 56. Rxh7 Rxf2 57. h5 gxh5+ 58. Rxh5 e3 59. Rh6+ Kd5 60. Kg3 Ra2 61. Rh1 Ke6 62. Kf3 e2 63. Kf2 e1=Q+ 64. Kxe1 Ra1+ 65. Kf2 Rxh1 66. Kg2 Ra1 67. Kg3 Kf5 68. Kf3 Ra4   {White resigns} 0-1

[Event "Team 45 45 League T25"]
[Site "Free Internet Chess Server"]
[Date "2004.12.17"]
[Round "2"]
[White "couv"]
[Black "phorku"]
[Result "0-1"]
[WhiteElo "1519"]
[BlackElo "1498"]
[TimeControl "2700+45"]

1. d4 d5 2. Nf3 e6 3. c3 c5 4. Bg5 Be7 5. Bxe7 Qxe7 6. e3 Nf6 7. Nbd2 Nc6 8. Bd3 e5 9. dxe5 Nxe5 10. Nxe5 Qxe5 11. Nf3 Qd6 12. O-O O-O 13. Qc2 c4 14. Be2 Ne4 15. Nd4 Qg6 16. Bf3 Bg4 17. Bxg4 Qxg4 18. f3 Qg5 19. fxe4 Qxe3+ 20. Kh1 dxe4 21. Rae1 Qd3 22. Qxd3 exd3 23. b3 Rac8 24. bxc4 Rxc4 25. Rc1 Rfc8 26. Nf5 R8c7 27. Ne3 Rxc3 28. Rxc3 Rxc3 29. Nd1 Rc2 30. Rf2 d2 31. Kg1 Kf8 32. Kf1 Ke7 33. Re2+ Kd6 34. Kf2 Rxa2 35. Nc3 a6 36. Ne4+ Kd5 37. Nxd2 b5 38. Ke3 b4 39. Rf2 Ra3+ 40. Kf4 Ra4 41. Nb3 Kc4 42. Nd2+ Kd3 43. Nb3 Ra3 44. Nc1+ Kc3 45. Ke5 b3 46. Rxf7 b2 47. Ne2+ Kd2 48. Rb7 Ra2 49. Nd4 Ra5+ 50. Ke6 Rb5 51. Nxb5 b1=Q 52. Rd7+ Ke3 53. Nc3 Qb3+ 54. Kf5 Qxc3 55. Re7+ Kf2 56. g3 Qf6+ 57. Kg4 Qxe7 58. h4 Qe2+ 59. Kh3 h5 60. Kh2 a5 61. Kh3 a4 62. g4 g6 63. gxh5 gxh5 64. Kh2 Qg4 65. Kh1 Qg2#   {White checkmated} 0-1

[Event "Team 45 45 League T25"]
[Site "Free Internet Chess Server"]
[Date "2004.12.20"]
[Round "2"]
[White "Lamtarra"]
[Black "anish"]
[Result "0-1"]
[WhiteElo "1572"]
[BlackElo "1463"]
[TimeControl "2700+45"]

1. e4 e5 2. Nf3 Nc6 3. g3 Nf6 4. d3 d6 5. Bg2 Be7 6. c3 O-O 7. O-O Re8 8. Nbd2 Be6 9. Ng5 Bg4 10. f3 Bd7 11. Nh3 d5 12. exd5 Nxd5 13. Ne4 f5 14. Nef2 Bc5 15. d4 exd4 16. cxd4 Nxd4 17. f4 Bb5 18. Re1 Rxe1+ 19. Qxe1 Nc2 20. Qe6+ Kh8 21. Rb1 Nde3 22. Bxe3 Nxe3 23. Re1 Qd2 24. Rb1 Ng4 25. Qe1 Qd6 26. Bf3 Re8 27. Qd1 Qb6 28. Bxg4 fxg4 29. Qxg4 Qe6 30. Qxe6 Rxe6 31. Ng5 Re2 32. Rf1 Rxb2 33. Kg2 Bxf1+ 34. Kxf1 Rxf2+   {White resigns} 0-1

[Event "Team 45 45 League T25"]
[Site "Free Internet Chess Server"]
[Date "2004.12.20"]
[Round "2"]
[White "KlassAct"]
[Black "clarinetref"]
[Result "0-1"]
[WhiteElo "1333"]
[BlackElo "1478"]
[TimeControl "2700+45"]

1. e4 c5 2. Bc4 e6 3. Nc3 Nc6 4. Nf3 g6 5. d4 cxd4 6. Nxd4 Bg7 7. Be3 Nf6 8. Qd2 Ng4 9. Nxc6 bxc6 10. Bd4 Bxd4 11. Qxd4 e5 12. Qd6 Qf6 13. Qxf6 Nxf6 14. O-O O-O 15. Rfe1 a5 16. Rad1 a4 17. a3 Ra5 18. Ba2 Ba6 19. Rd6 Kg7 20. f3 Rb8 21. Rb1 Bc8 22. Ne2 Ne8 23. Rd2 Nc7 24. c4 Ne6 25. Nc1 Nd4 26. Nd3 f6 27. Nb4 Ba6 28. f4 Rd8 29. f5 gxf5 30. exf5 Bb7 31. g4 Nf3+   {White resigns} 0-1

[Event "Team 45 45 League T25"]
[Site "Free Internet Chess Server"]
[Date "2004.12.20"]
[Round "2"]
[White "jerryrab"]
[Black "hotjazz"]
[Result "1-0"]
[WhiteElo "1243"]
[BlackElo "1342"]
[TimeControl "2700+45"]

1. f4 Nf6 2. Nf3 e6 3. e3 g6 4. Bd3 Bg7 5. O-O O-O 6. Re1 b6 7. e4 Bb7 8. e5 Ne8 9. Qe2 Bh6 10. Be4 c6 11. d4 d5 12. exd6 Nxd6 13. Bd3 Qf6 14. Ng5 Re8 15. Nc3 Nd7 16. Nce4 Qxd4+ 17. Kh1 Nf5 18. Nf3 Qg7 19. Nd6 Ng3+ 20. hxg3 Re7 21. Nxb7 Nf6 22. Nd6 Nd5 23. Ne5 f6 24. Nxc6 g5 25. Ne4 f5 26. fxg5 Bxg5 27. Nxg5 Qh6+ 28. Nh3 Rae8 29. Nxe7+ Rxe7 30. Bxh6 Nf6 31. Bg5 Nh5 32. Qxh5 Rg7 33. Qe8#   {Black checkmated} 1-0

[Event "Team 45 45 League T25"]
[Site "Free Internet Chess Server"]
[Date "2004.12.15"]
[Round "2"]
[White "nasmichael"]
[Black "blkmagic"]
[Result "1-0"]
[WhiteElo "1190"]
[BlackElo "1084"]
[TimeControl "2700+45"]

1. d4 d5 2. e3 Nf6 3. Nc3 Nc6 4. Bb5 e6 5. Nce2 Bd6 6. Ng3 O-O 7. Nf3 Bxg3 8. fxg3 a6 9. Be2 Ne4 10. Bd3 Re8 11. Bxe4 dxe4 12. Ng1 Qd5 13. Bd2 e5 14. Ne2 Bg4 15. dxe5 Qxe5 16. Bc3 Qb5 17. a4 Bxe2 18. Qxe2 Qxe2+ 19. Kxe2 b5 20. axb5 axb5 21. Rxa8 Rxa8 22. b4 Ra2 23. Kd2 f5 24. Rf1 Ne7 25. h3 g6 26. Ra1 Rxa1 27. Bxa1 Nd5 28. Bc3 Nxc3 29. Kxc3 h5 30. Kd4 c6 31. Kc5 g5 32. Kxc6 h4 33. gxh4 gxh4 34. Kd5 Kf7 35. Ke5 Kg6 36. Kf4 Kf6 37. g3 hxg3 38. Kxg3 Kg5 39. h4+ Kh5 40. Kf4 Kxh4 41. Kxf5 Kg3 42. Kxe4 Kf2 43. Kd4 Kf3 44. Kc5 Kxe3 45. Kxb5 Kd2 46. c4 Kc3 47. c5 Kd4 48. c6 Kd5 49. Kb6 Kd6 50. Kb7   {Black resigns} 1-0

[Event "Team 45 45 League T25"]
[Site "Free Internet Chess Server"]
[Date "2004.12.18"]
[Round "2"]
[White "adingod"]
[Black "TGV"]
[Result "1-0"]
[WhiteElo "2124"]
[BlackElo "1818"]
[TimeControl "2700+45"]

1. d4 Nf6 2. Nf3 e6 3. Nbd2 c5 4. e3 Be7 5. Bd3 Nc6 6. c3 O-O 7. O-O Qc7 8. e4 cxd4 9. cxd4 Nb4 10. Bb1 d5 11. e5 Nd7 12. a3 Nc6 13. Qc2 g6 14. Re1 b6 15. Qd3 a5 16. Nf1 Ba6 17. Qe3 Bxf1 18. Rxf1 Rac8 19. Qh6 f5 20. Bg5 Rf7 21. Bd3 Ndxe5 22. dxe5 Nxe5 23. Rac1 Nxf3+ 24. gxf3 Qd8 25. Bxe7 Rxe7 26. Rxc8 Qxc8 27. Qe3 Qc6 28. Rc1 Qd6 29. f4 Rc7 30. Rxc7 Qxc7 31. Qxe6+ Kf8 32. Qxd5 Qc1+ 33. Kg2 Qxf4 34. Bc4 Qg5+ 35. Kf3 Qg4+ 36. Ke3 Qg5+ 37. Kd3 Qe7 38. Qg8#   {Black checkmated} 1-0

[Event "Team 45 45 League T25"]
[Site "Free Internet Chess Server"]
[Date "2004.12.19"]
[Round "2"]
[White "Atreus"]
[Black "MStav"]
[Result "1-0"]
[WhiteElo "1798"]
[BlackElo "1703"]
[TimeControl "2700+45"]

1. e4 c6 2. d4 d5 3. exd5 cxd5 4. c4 Nf6 5. Nc3 Nc6 6. Nf3 Bg4 7. Be2 e6 8. O-O Be7 9. c5 O-O 10. Bf4 b6 11. Qa4 Bxf3 12. Bxf3 Qc8 13. Nb5 a6 14. Nd6 Bxd6 15. Bxd6 b5 16. Qd1 Rd8 17. Qd2 Ne8 18. Bf4 Rd7 19. a3 Nf6 20. Rac1 Qb7 21. b4 Qc8 22. Rfe1 Rda7 23. Bg5 Ne8 24. Be2 Qb7 25. Qd3 Qd7 26. Red1 Nc7 27. Qg3 Ne8 28. Rc3 Rc8 29. Qh4 Ne7 30. Rh3 Nf6 31. Bxf6 gxf6 32. Qxh7+ Kf8 33. Qh8+ Ng8 34. Rg3 Ke7 35. Rxg8 Raa8 36. Rxc8 Rxc8 37. Qg7 Rf8 38. Bh5 Qe8 39. Rd3 Rg8 40. Qh6 Rh8 41. Qf4 Rxh5 42. Qd6#   {Black checkmated} 1-0

[Event "Team 45 45 League T25"]
[Site "Free Internet Chess Server"]
[Date "2004.12.17"]
[Round "2"]
[White "Gazzer"]
[Black "Pieris"]
[Result "1/2-1/2"]
[WhiteElo "1686"]
[BlackElo "1711"]
[TimeControl "2700+45"]

1. d4 d5 2. c4 e6 3. Nc3 c5 4. cxd5 exd5 5. Nf3 Nc6 6. e3 Nf6 7. Be2 Be7 8. O-O O-O 9. Re1 Re8 10. b3 Bf5 11. Nh4 Be4 12. Bf3 cxd4 13. exd4 Bb4 14. Re3 Bxc3 15. Rxc3 Qd7 16. g3 Qh3 17. Be3 h6 18. Qf1 Qe6 19. Bg2 g5 20. Nf3 Qg4 21. Nd2 Bxg2 22. Qxg2 Nxd4 23. f3 Rxe3 24. fxg4 Rxc3 25. Qf2 Rd3 26. Qxf6 Rxd2 27. Rf1 Rc8 28. Qxf7+ Kh8 29. Qf6+ Kh7 30. Qe7+ Kg8 31. Qxb7 Rf8 32. Qxd5+ Kg7 33. Qb7+ Kg8 34. Rxf8+ Kxf8 35. Qxa7 Nf3+   {Game drawn by mutual agreement} 1/2-1/2

[Event "Team 45 45 League T25"]
[Site "Free Internet Chess Server"]
[Date "2004.12.17"]
[Round "2"]
[White "chesswake"]
[Black "Galleta"]
[Result "1/2-1/2"]
[WhiteElo "1637"]
[BlackElo "1735"]
[TimeControl "2700+45"]

1. d4 d6 2. c4 Nf6 3. Nc3 g6 4. Nf3 Bg7 5. e4 O-O 6. Be2 c5 7. h3 Qa5 8. O-O Nc6 9. dxc5 dxc5 10. a3 Be6 11. Be3 Rfd8 12. Qc2 Nd4 13. Bxd4 cxd4 14. Nb5 a6 15. Nbxd4 Bd7 16. b4 Qh5 17. Rad1 Bxh3 18. gxh3 Qxh3 19. Rfe1 Ng4 20. Bf1 Qh5 21. Bg2 Rd6 22. Ne2 Rf6 23. Ng3 Qh6 24. Qd2 Rf4 25. Qd5 Bc3 26. Re2 Rb8 27. Qg5 Rxf3 28. Qxh6 Rxf2 29. Qxh7+ Kxh7 30. Rxf2 Nxf2 31. Kxf2 e5 32. Rd7 Kg7 33. Ne2 Bb2 34. a4 Ba3 35. b5 axb5 36. cxb5 Bc5+ 37. Kf3 b6 38. Ra7 Rd8 39. Ng3 Kf6 40. a5 Kg5 41. Nh1 bxa5 42. Rxa5 Rd3+ 43. Ke2 Rb3   {Game drawn by mutual agreement} 1/2-1/2

[Event "Team 45 45 League T25"]
[Site "Free Internet Chess Server"]
[Date "2004.12.19"]
[Round "2"]
[White "Struggler"]
[Black "Akavall"]
[Result "1/2-1/2"]
[WhiteElo "1857"]
[BlackElo "1855"]
[TimeControl "2700+45"]

1. d4 f5 2. Nf3 Nf6 3. c4 g6 4. Nc3 Bg7 5. Bf4 O-O 6. e3 e6 7. Bd3 d5 8. Qb3 c6 9. O-O Nh5 10. Be5 Bxe5 11. Nxe5 Nf6 12. a3 Nbd7 13. Nf3 Ne4 14. Qc2 Ndf6 15. b4 Bd7 16. Ne5 Be8 17. Rac1 Nd7 18. Nf3 Ndf6 19. Ne5 Nd7 20. Nf3 Ndf6 21. b5 cxb5 22. Nxb5 Bxb5 23. cxb5 Rc8 24. Qa4 Qb6 25. Ne5 a5 26. bxa6 bxa6 27. Rb1 Qd6 28. Rb7 Rc3 29. Qxa6 Qxa6 30. Bxa6 Rxa3 31. Rb6 Ra8 32. Be2 Ra2 33. Bd3 Nd2 34. Rd1 Ra1 35. Bb1 Nxb1 36. Rdxb1 Rxb1+ 37. Rxb1   {Game drawn by mutual agreement} 1/2-1/2

[Event "Team 45 45 League T25"]
[Site "Free Internet Chess Server"]
[Date "2004.12.19"]
[Round "2"]
[White "threeNT"]
[Black "DesparateDan"]
[Result "1-0"]
[WhiteElo "1750"]
[BlackElo "1649"]
[TimeControl "2700+45"]

1. e4 e5 2. Nf3 Nc6 3. Bb5 a6 4. Ba4 d6 5. c3 Bd7 6. d4 g6 7. O-O Bg7 8. dxe5 dxe5 9. Bg5 f6 10. Be3 Nh6 11. Qc1 Nf7 12. Rd1 O-O 13. Nbd2 Nd6 14. Bc2 Qc8 15. Nf1 f5 16. exf5 Bxf5 17. Bc5 Bxc2 18. Qxc2 Rf6 19. Ng3 Nf5 20. Ne4 Rf7 21. Nfg5 Rd7 22. Rxd7 Qxd7 23. Rd1 Nd6 24. Qb3+ Kh8 25. Bxd6 cxd6 26. Nf7+ Kg8 27. Nxe5+   {Black resigns} 1-0

[Event "Team 45 45 League T25"]
[Site "Free Internet Chess Server"]
[Date "2004.12.17"]
[Round "2"]
[White "adingod"]
[Black "inkaotibus"]
[Result "1-0"]
[WhiteElo "2107"]
[BlackElo "2124"]
[TimeControl "2700+45"]

1. d4 d5 2. Nf3 Nf6 3. e3 e6 4. Bd3 c5 5. O-O c4 6. Be2 b5 7. b3 Nc6 8. a4 Qa5 9. Bb2 bxa4 10. Rxa4 Qb6 11. Ba3 Bxa3 12. Rxa3 cxb3 13. Rxb3 Qc7 14. Bb5 O-O 15. Rc3 Bd7 16. Bxc6 Bxc6 17. Ne5 Qb7 18. Rxc6 Nd7 19. Nxd7 Qxc6 20. Nxf8 Kxf8 21. Na3 Qa4 22. Qd3 Kg8 23. Qb3 Qc6 24. Rb1 Rc8 25. Qb7   {Black resigns} 1-0

[Event "Team 45 45 League T25"]
[Site "Free Internet Chess Server"]
[Date "2004.12.18"]
[Round "2"]
[White "Louro"]
[Black "JDFitzpat"]
[Result "1-0"]
[WhiteElo "1798"]
[BlackElo "1903"]
[TimeControl "2700+45"]

1. e4 Nf6 2. e5 Nd5 3. d4 d6 4. c4 Nb6 5. exd6 exd6 6. Nc3 Be7 7. h3 O-O 8. Nf3 Re8 9. Be2 Bf6 10. O-O Nc6 11. b3 Bf5 12. Be3 d5 13. c5 Nc8 14. Qd2 h6 15. Nh2 Bg5 16. Bxg5 Qxg5 17. Qxg5 hxg5 18. Bf3 N8e7 19. Nxd5 Nxd5 20. Bxd5 Rad8 21. Bxc6 bxc6 22. Nf3 f6 23. Rfe1 Be4 24. Rad1 Kf7 25. Rd2 Bxf3 26. Rxe8 Kxe8 27. gxf3 Kf7 28. Kf1 Ke6 29. Kg2 Kd5 30. Kg3 Re8 31. Kg4 g6 32. h4 Re1 33. hxg5 Rg1+ 34. Kf4 Rxg5 35. Ke3 Rg1 36. Ke2 Rh1 37. Rd3 Rh4 38. Ke3 Rh1 39. Ke2 g5 40. Ke3 f5 41. Rd2 Re1+ 42. Kd3 a5 43. a4 g4 44. fxg4 fxg4 45. Kc3 Re4 46. b4 Re8 47. Rd3 Ra8 48. Rg3 Rf8 49. Rxg4 Rxf2 50. bxa5 Rf8 51. Rg5+ Ke6 52. Rg6+ Kd5 53. Rg5+ Ke6 54. Rg7 Kd5 55. Rd7+ Ke6 56. Rxc7 Kd5 57. Rd7+ Ke6 58. Rd6+ Ke7 59. Rxc6 Kd7 60. Rd6+ Kc7 61. Kc4 Ra8 62. Kb5 Rb8+ 63. Rb6 Ra8 64. d5 Rh8 65. a6 Rh1 66. Rb7+ Kc8 67. Kc6 Rh6+ 68. d6 Rg6 69. a7 Rxd6+ 70. cxd6   {Black resigns} 1-0

[Event "Team 45 45 League T25"]
[Site "Free Internet Chess Server"]
[Date "2004.12.20"]
[Round "2"]
[White "qire"]
[Black "hexan"]
[Result "0-1"]
[WhiteElo "2087"]
[BlackElo "2012"]
[TimeControl "2700+45"]

1. e4 c5 2. Nf3 Nc6 3. d4 cxd4 4. Nxd4 Nf6 5. Nc3 d6 6. Bg5 e6 7. Qd2 a6 8. O-O-O h6 9. Bh4 Nxe4 10. Nxe4 Qxh4 11. f3 d5 12. g3 Qd8 13. Nc3 Bb4 14. a3 Be7 15. f4 Qc7 16. Nf3 b5 17. Ne2 Bd7 18. f5 Na5 19. Qc3 Rc8 20. Qxc7 Rxc7 21. Nf4 O-O 22. Bh3 Rfc8 23. Rd2 Nb3+   {White resigns} 0-1

[Event "Team 45 45 League T25"]
[Site "Free Internet Chess Server"]
[Date "2004.12.18"]
[Round "2"]
[White "trener"]
[Black "TrondTumyr"]
[Result "1-0"]
[WhiteElo "1911"]
[BlackElo "1827"]
[TimeControl "2700+45"]

1. Nf3 d5 2. d4 e6 3. c4 Nf6 4. Nc3 dxc4 5. e4 Bb4 6. Bg5 Be7 7. Bxc4 h6 8. Bf4 O-O 9. O-O a6 10. e5 Nd5 11. Bd2 b5 12. Bd3 Bb7 13. Ne4 Nd7 14. Rc1 Rc8 15. Qe2 Ba8 16. Bb1 Bb4 17. Bxb4 Nxb4 18. Rfd1 Re8 19. Nfd2 Nc6 20. Nb3 Ncb8 21. Nec5 Nf8 22. Qd2 Qh4 23. Rc3 Qe7 24. Rg3 Kh8 25. Qa5 c6 26. Nxa6 Qa7 27. Nxb8 Qxa5 28. Nxa5 Rxb8 29. Rc3 Rb6 30. Rdc1 Rc8 31. Be4 Ra6 32. b4 Rd8 33. Rd3 Nd7 34. f4 g5 35. g3 gxf4 36. gxf4 Nb6 37. Bxc6 Rc8 38. Rdc3 Na4 39. R3c2 Rd8 40. Bxb5 Rg8+ 41. Kf2 Rb6 42. Bxa4 Kh7 43. a3 Rbb8 44. Bc6   {Black resigns} 1-0

[Event "Team 45 45 League T25"]
[Site "Free Internet Chess Server"]
[Date "2004.12.19"]
[Round "2"]
[White "Pawns"]
[Black "Bahamut"]
[Result "0-1"]
[WhiteElo "1698"]
[BlackElo "1885"]
[TimeControl "2700+45"]

1. e4 c6 2. d4 d5 3. e5 Bf5 4. Nf3 e6 5. Be2 c5 6. O-O Nc6 7. c3 Bg4 8. Nbd2 cxd4 9. cxd4 Nge7 10. a3 Nf5 11. b4 Be7 12. h3 Bxf3 13. Nxf3 O-O 14. Bb2 a6 15. Bd3 Nh4 16. Qc2 Nxf3+ 17. gxf3 g6 18. Kg2 Bg5 19. Rh1 Kg7 20. h4 Bxh4 21. Rag1 Rc8 22. Qb1 f5 23. exf6+ Qxf6 24. Rh3 Ne7 25. Kh1 Bxf2   {White resigns} 0-1